 Dungeon Crawl Stone Soup version 0.31-a0-881-ge136f0c47a (webtiles) character file.

Game seed: 8223520617084526336

21559 gruber the Frost Mage (level 12, -5/89 HPs)
             Began as a Demonspawn Ice Elementalist on Oct 15, 2023.
             Was a High Priest of Vehumet.
             Slain by a death yak (8 damage)
             ... on level 10 of the Dungeon.
             The game lasted 00:26:07 (14136 turns).

gruber the Frost Mage (DsIE)                       Turns: 14136, Time: 00:26:08

Health: -5/89      AC: 15    Str:  9    XL:     12   Next: 55%
Magic:  0/21       EV: 12    Int: 28    God:    Vehumet [*****.]
Gold:   1084       SH:  0    Dex: 13    Spells: 7/23 levels left

rFire   . . .        C - +7 sling "Zinisk Iqik" {flame, rCorr}
rCold   + . .        (no shield)
rNeg    . . .        l - +3 leather armour {rC+}
rPois   .            B - +2 helmet
rElec   .            I - +2 cloak
rCorr   +            (no gloves)
SInv    .            M - +0 pair of boots
Will    .....        y - amulet of guardian spirit
Stlth   ++++         P - +4 ring of slaying
HPRegen 0.34/turn    x - +6 ring of intelligence
MPRegen 0.17/turn

%: guardian spirit
@: freezing walls
A: hooves 2, slimy green scales 1, powered by death 1, demonic magic 2
a: Renounce Religion


You were on level 10 of the Dungeon.
You worshipped Vehumet.
Vehumet was extremely pleased with you.
You visited 2 branches of the dungeon, and saw 13 of its levels.
You also visited: Sewer and Bailey.

You collected 1084 gold pieces.

Inventory:

Hand Weapons
 s - a +4 dagger
 C - the +7 sling "Zinisk Iqik" (weapon) {flame, rCorr}
   (You found it on level 6 of the Dungeon)

   rCorr:     It protects you from acid and corrosion.
 R - the +2 whip of the Volcano {flame, rF+ Str+2 Int+3}
   (You found it on level 10 of the Dungeon)

   Str+2:     It affects your strength (+2).
   Int+3:     It affects your intelligence (+3).
   rF+:       It protects you from fire.
 S - the +8 quarterstaff "Thing" {spect, rElec Str+7 Int+2 Dex-2}
   (You found it on level 11 of the Dungeon)

   Str+7:     It affects your strength (+7).
   Int+2:     It affects your intelligence (+2).
   Dex-2:     It affects your dexterity (-2).
   rElec:     It insulates you from electricity.
Missiles
 H - a throwing net
Armour
 l - a +3 leather armour of cold resistance (worn)
 B - a +2 helmet (worn)
 G - +0 swamp dragon scales
 I - a +2 cloak (worn)
 M - a +0 pair of boots (worn)
Jewellery
 e - a ring of resist corrosion
 x - a +6 ring of intelligence (right hand)
 y - an amulet of guardian spirit (around neck)
 J - a ring of positive energy
 L - a ring of positive energy
 P - a +4 ring of slaying (left hand)
Wands
 K - a wand of polymorph (7)
 Q - a wand of flame (10)
 T - a wand of charming (5)
Scrolls
 b - 4 scrolls of fog {unknown}
 c - 2 scrolls of amnesia {unknown}
 d - 8 scrolls of identify {unknown}
 f - a scroll of noise {unknown}
 g - 2 scrolls of fear {unknown}
 h - a scroll of brand weapon {unknown}
 i - 3 scrolls of vulnerability {unknown}
 j - 4 scrolls of teleportation {unknown}
 k - 3 scrolls of blinking {unknown}
 m - 3 scrolls of torment {unknown}
 q - 3 scrolls of enchant armour
 u - 3 scrolls of immolation {unknown}
 z - 10 scrolls of enchant weapon
 E - 2 scrolls of silence {unknown}
 O - 3 scrolls of summoning
 U - a scroll of poison {unknown}
Potions
 a - 2 potions of enlightenment {unknown}
 n - 2 potions of cancellation {unknown}
 o - 5 potions of haste {unknown}
 p - 3 potions of curing {unknown}
 t - 7 potions of heal wounds {unknown}
 v - 2 potions of invisibility {unknown}
 w - 7 potions of brilliance {unknown}
 A - a potion of mutation {unknown}
 D - 2 potions of lignification {unknown}
 F - a potion of ambrosia {unknown}
 N - 5 potions of magic
 V - 2 potions of attraction {unknown}
Miscellaneous
 r - a phantom mirror


   Skills:
 - Level 6.6 Fighting
 - Level 3.2 Short Blades
 - Level 5.3 Ranged Weapons
 - Level 3.1 Armour
 - Level 3.0 Dodging
 - Level 9.5 Stealth
 - Level 6.2 Spellcasting
 - Level 9.0 Conjurations
 * Level 3.3 Fire Magic
 - Level 10.4 Ice Magic


You had 7 spell levels left.
You knew the following spells:

 Your Spells              Type           Power      Damage    Failure   Level
a - Freeze                Ice            100%       1d10      1%          1
b - Frozen Ramparts       Ice            100%       1d16      1%          3
c - Ozocubu's Armour      Ice            61%        N/A       1%          3
d - Iskenderun's Mystic   Conj/Tloc      34%        2d8       3%          4
e - Fireball              Conj/Fire      21%        3d10      4%          5

Your spell library contained the following spells:

 Spells                   Type           Power      Damage    Failure   Level
 Ensorcelled Hibernation  Hex/Ice        76%        N/A       1%          2
 Dazzling Flash           Conj/Hex       68%        N/A       1%          3
 Flame Wave               Conj/Fire      43%        2d11      1%          4
 Sticky Flame             Conj/Fire      43%        2d6       1%          4
 Inner Flame              Hex/Fire       18%        N/A       3%          3
 Volatile Blastmotes      Fire/Tloc      36%        2d13      3%          3
 Summon Ice Beast         Ice/Summ       38%        N/A       10%         4
 Arcjolt                  Conj/Air       17%        1d27      10%         5
 Irradiate                Conj/Tmut      17%        3d17      10%         5
 Jinxbite                 Hex            16%        N/A       12%         2
 Passwall                 Tmut/Erth      6%         N/A       12%         2
 Sublimation of Blood     Necr           8%         N/A       12%         2
 Olgreb's Toxic Radiance  Pois           8%         N/A       21%         4
 Swiftness                Air            8%         N/A       24%         3
 Starburst                Conj/Fire      21%        6d7       24%         6
 Anguish                  Hex/Necr       4%         N/A       63%         4
 Petrify                  Tmut/Erth      8%         N/A       63%         4
 Vhi's Electric Charge    Tloc/Air       16%        N/A       63%         4
 Plasma Beam              Fire/Air       9%         2x1d19    80%         6
 Summon Forest            Summ/Tloc      4%         N/A       92%         5
 Summon Mana Viper        Hex/Summ       8%         N/A       92%         5
 Summon Cactus Giant      Summ           4%         N/A       100%        6
 Discord                  Hex            4%         N/A       100%        8
 Ignition                 Fire           13%        3d6       100%        8
 Maxwell's Capacitive Co  Air            4%         ∞         100%        8


Dungeon Overview and Level Annotations

Branches:
Dungeon (12/15)            Temple (0/1) D:4            Lair (1/5) D:10
    Orc (0/2) D:9           Sewer (visited)          Bailey (visited)

Altars:
Cheibriados
Dithmenos
Gozag
Nemelex Xobeh
Sif Muna
Trog
Vehumet
Wu Jian
Xom
Yredelemnul

Shops:
D:1 [   D:6 :   D:9 (


Innate Abilities, Weirdness & Mutations

You have hoof-like feet.
You are partially covered in slimy green scales. (AC +2)
You regenerate a little health from kills.
Spells you cast may paralyse nearby enemies.


Message History

The wall freezes the death yak.
The death yak gores you!
* * * LOW HITPOINT WARNING * * *
Unknown command.
Magic courses through your body.
The wall freezes the death yak.
The death yak gores you!!
* * * LOW HITPOINT WARNING * * *
Unknown command.
Unknown command.
Casting: Freeze (safe; 1% risk of failure)
Confirm with . or Enter, or press ? or * to list all spells.
Aiming: Freeze (safe; 1% risk of failure)
Press: ? - help, Shift-Dir - straight line, f/p - death yak
Aim: a death yak (heavily wounded)
You freeze the death yak!
The death yak is heavily wounded.
Malevolent energies surge around you.
The wall freezes the death yak!
The death yak closely misses you.
Unknown command.
Unknown command.
Casting: Freeze (safe; 1% risk of failure)
Confirm with . or Enter, or press ? or * to list all spells.
Aiming: Freeze (safe; 1% risk of failure)
Press: ? - help, Shift-Dir - straight line, f/p - death yak
Aim: a death yak (severely wounded)
You freeze the death yak!
The death yak is severely wounded.
Malevolent energies surge around you.
The wall freezes the death yak.
The death yak gores you but does no damage.
Unknown command.
Casting: Freeze (safe; 1% risk of failure)
Confirm with . or Enter, or press ? or * to list all spells.
Aiming: Freeze (safe; 1% risk of failure)
Press: ? - help, Shift-Dir - straight line, f/p - death yak
Aim: a death yak (severely wounded)
You freeze the death yak!
The death yak is almost dead.
Malevolent energies surge around you.
The wall freezes the death yak but does no damage.
The death yak gores you!
You die...

###############
#......†......#######
#.###########.=.....# #.#
#######.# #####>##### #.#
########......Y@.# #.#
##........###.###.#
###########.# #.#.####### #.#
#.# #............ .###...# #.#
#.###...#######.[ #.#.##.#
###.###.......### ###.. ##.###.#
##.....###.......###....
#.###.###...##.###..............
#.#..........#...........###.##.
##<#.###.#...##.#####...###
#.##.


You could see a death yak.

Vanquished Creatures
  A stone giant (D:10)
  Erolcha (D:9)
  A hydra (D:10)
  A centaur warrior (D:10)
  A two-headed ogre (D:9)
  2 death yaks (Lair:1)
  An orc high priest (D:10)
  Lodul (D:11)
  An orc knight (Bailey)
  A manticore (D:12)
  A deep elf pyromancer (D:12)
  An ugly thing (D:10)
  Maurice (D:11)
  A gargoyle (D:11)
  3 black mambas (Lair:1)
  Maggie (D:7)
  A kobold demonologist (D:11)
  Jeremiah (D:7)
  2 komodo dragons (D:10)
  2 freezing wraiths (D:10)
  A polar bear (Lair:1)
  3 trolls
  Prince Ribbit (D:8)
  11 yaks
  A shadow (D:9)
  2 vampires
  A spriggan (shapeshifter) (D:10)
  A basilisk (Lair:1)
  6 wyverns
  An acid dragon (D:10)
  3 water moccasins
  Duvessa (D:7)
  2 ice beasts
  15 orc warriors
  A sky beast (D:7)
  13 ogres
  4 black bears
  A swamp drake (D:9)
  4 centaurs
  A phantom (D:5)
  4 kobold brigands
  5 bullfrogs
  A gnoll sergeant (D:10)
  8 scorpions
  4 wights (D:8)
  Dowan (D:7)
  3 killer bees (D:9)
  2 howler monkeys
  2 hounds (D:5)
  Crazy Yiuf (D:7)
  3 jellies
  2 gnoll boudas
  8 orc priests
  2 sleepcaps
  15 orc wizards
  Robin (D:2)
  11 gnolls
  18 adders
  A river rat (Sewer)
  A shadow imp (D:8)
  A white imp (D:8)
  2 ufetubi (D:5)
  2 worms
  51 orcs
  12 endoplasms
  5 giant cockroaches
  18 goblins
  6 hobgoblins
  7 jackals (D:2)
  20 kobolds
  6 quokkas
  3 training dummies (D:9)
  6 ball pythons
  4 bats
  5 frilled lizards
  8 rats
347 creatures vanquished.

Notes
Turn   | Place    | Note
-------+----------+-------------------------------------------
     0 | D:1      | gruber the Demonspawn Ice Elementalist began the quest for
                  | the Orb.
     0 | D:1      | Reached XP level 1. HP: 13/13 MP: 3/3
   374 | D:1      | Found Eqorphuahe's Antique Armour Boutique.
   390 | D:1      | Reached skill level 4 in Ice Magic
   488 | D:1      | Gained mutation: You are partially covered in slimy green
                  | scales. (AC +2) [demonic ancestry]
   488 | D:1      | Reached XP level 2. HP: 18/19 MP: 3/5
  1051 | D:2      | Gained mutation: Spells you cast may paralyse adjacent
                  | enemies. [demonic ancestry]
  1051 | D:2      | Reached XP level 3. HP: 20/24 MP: 6/6
  1453 | D:2      | Found a radiant altar of Vehumet.
  1604 | D:2      | Became a worshipper of Vehumet
  1684 | D:2      | Noticed Robin
  1731 | D:2      | Learned a level 3 spell: Frozen Ramparts
  1788 | D:2      | Reached skill level 5 in Ice Magic
  1827 | D:2      | Killed Robin
  1828 | D:2      | Reached XP level 4. HP: 30/30 MP: 3/7
  2153 | D:3      | Reached * piety under Vehumet
  2153 | D:3      | Offered knowledge of Sandblast by Vehumet.
  2159 | D:3      | Found a glowing drain.
  2180 | Sewer    | Entered a sewer
  2182 | Sewer    | Noticed a kobold brigand
  2201 | Sewer    | Killed a kobold brigand
  2202 | Sewer    | Reached skill level 6 in Ice Magic
  2202 | Sewer    | Reached XP level 5. HP: 27/35 MP: 1/8
  2397 | Sewer    | Gained mutation: You have large cloven feet. [demonic
                  | ancestry]
  2397 | Sewer    | Reached XP level 6. HP: 40/41 MP: 5/9
  2401 | Sewer    | Reached skill level 7 in Ice Magic
  2877 | D:3      | Found a faded altar of an unknown god.
  2886 | D:3      | Found an opulent altar of Gozag.
  2971 | D:3      | Offered knowledge of Kiss of Death by Vehumet.
  3015 | D:3      | Reached ** piety under Vehumet
  3499 | D:4      | Gained mutation: You have hoof-like feet. [demonic
                  | ancestry]
  3499 | D:4      | Reached XP level 7. HP: 32/46 MP: 6/10
  3591 | D:4      | Reached skill level 8 in Ice Magic
  4133 | D:4      | Found a staircase to the Ecumenical Temple.
  4229 | D:5      | Entered Level 5 of the Dungeon
  4371 | D:5      | Reached skill level 5 in Stealth
  4371 | D:5      | Reached XP level 8. HP: 51/52 MP: 9/11
  4494 | D:5      | Reached skill level 1 in Short Blades
  4523 | D:5      | Offered knowledge of Inner Flame by Vehumet.
  5174 | D:5      | Learned a level 3 spell: Ozocubu's Armour
  5182 | D:6      | Found Lunenuw's Self-Improvement Boutique.
  5202 | D:6      | Identified the +7 sling "Zinisk Iqik" {flame, rCorr}
  5323 | D:6      | Noticed a troll
  5329 | D:6      | Killed a troll
  5330 | D:6      | Reached skill level 5 in Spellcasting
  5386 | D:6      | Reached XP level 9. HP: 57/57 MP: 17/17
  5480 | D:6      | Reached *** piety under Vehumet
  5904 | D:7      | Noticed Jeremiah
  5924 | D:7      | Killed Jeremiah
  5925 | D:7      | Reached skill level 9 in Ice Magic
  6100 | D:7      | Reached skill level 10 in Ice Magic
  6350 | D:7      | Found a runed translucent door.
  6351 | D:7      | Noticed Crazy Yiuf
  6463 | D:7      | Noticed Duvessa
  6466 | D:7      | Noticed Dowan
  6471 | D:7      | Killed Duvessa
  6489 | D:7      | Killed Dowan
  6768 | D:7      | Reached skill level 1 in Armour
  6781 | D:7      | Offered knowledge of Brom's Barrelling Boulder by Vehumet.
  7006 | D:7      | Noticed Maggie
  7013 | D:7      | Killed Maggie
  7014 | D:7      | Reached XP level 10. HP: 57/63 MP: 14/19
  7362 | D:7      | Killed Crazy Yiuf
  7486 | D:8      | Noticed Prince Ribbit
  7494 | D:8      | Killed Prince Ribbit
  7656 | D:8      | Reached skill level 1 in Fighting
  8121 | D:8      | Reached **** piety under Vehumet
  8182 | D:8      | Found a large runed translucent door.
  8340 | D:8      | Found a bloodstained altar of Trog.
  8341 | D:8      | Found a shimmering altar of Xom.
  8343 | D:8      | Found an ornate altar of the Wu Jian Council.
  8343 | D:8      | Found a sparkling altar of Nemelex Xobeh.
  8454 | D:8      | Found a large runed translucent door.
  8608 | D:8      | Found a shimmering blue altar of Sif Muna.
  8625 | D:8      | Found a snail-covered altar of Cheibriados.
  8629 | D:8      | Reached skill level 5 in Fighting
  8804 | D:9      | Found a shadowy altar of Dithmenos.
  8813 | D:9      | Offered knowledge of Iskenderun's Mystic Blast by Vehumet.
  8883 | D:9      | Noticed a two-headed ogre
  8895 | D:9      | Killed a two-headed ogre
  8994 | D:9      | Learned a level 4 spell: Iskenderun's Mystic Blast
  9112 | D:9      | Found Ymyogod's Firing Range.
  9225 | D:9      | Reached skill level 1 in Conjurations
  9570 | D:9      | Noticed Erolcha
  9576 | D:9      | Killed Erolcha
  9685 | D:9      | Reached skill level 5 in Conjurations
  9695 | D:9      | Gained mutation: You regenerate a little health from kills.
                  | [demonic ancestry]
  9695 | D:9      | Reached XP level 11. HP: 83/83 MP: 17/20
  9794 | D:9      | Reached ***** piety under Vehumet
  9794 | D:9      | Offered knowledge of Spellforged Servitor by Vehumet.
  9826 | D:9      | Found a staircase to the Orcish Mines.
 10114 | D:10     | Entered Level 10 of the Dungeon
 10304 | D:10     | Found a flagged portal.
 10359 | Bailey   | Entered a bailey
 10372 | Bailey   | Reached skill level 1 in Ranged Weapons
 10653 | Bailey   | Noticed an orc knight
 10682 | Bailey   | Killed an orc knight
 11113 | D:10     | Found a staircase to the Lair.
 11445 | D:10     | Found a basalt altar of Yredelemnul.
 11490 | D:10     | Noticed a red ugly thing
 11498 | D:10     | Killed a red ugly thing
 11519 | D:10     | Reached skill level 5 in Ranged Weapons
 11665 | D:10     | Noticed a centaur warrior
 11675 | D:10     | Killed a centaur warrior
 11741 | D:10     | Noticed an eight-headed hydra
 11741 | D:10     | Noticed a stone giant
 11794 | D:11     | Noticed Lodul
 12119 | D:10     | Killed a stone giant
 12207 | D:10     | Killed an eight-headed hydra
 12294 | D:10     | Noticed an orc high priest
 12316 | D:10     | Killed an orc high priest
 12365 | D:10     | Identified the +2 whip of the Volcano {flame, rF+ Str+2
                  | Int+3}
 12590 | D:11     | Offered knowledge of Fireball by Vehumet.
 12604 | D:11     | Noticed a sixfirhy
 12606 | D:11     | Gained mutation: Spells you cast may paralyse nearby
                  | enemies. [demonic ancestry]
 12606 | D:11     | Reached XP level 12. HP: 89/89 MP: 21/21
 12671 | D:11     | Identified the +8 quarterstaff "Thing" {spect, rElec Str+7
                  | Int+2 Dex-2}
 12701 | D:11     | Killed Lodul
 12892 | D:11     | Learned a level 5 spell: Fireball
 12937 | D:11     | Noticed Maurice
 13025 | D:11     | Killed Maurice
 13237 | Lair:1   | Entered Level 1 of the Lair of Beasts
 13478 | Lair:1   | Noticed a death yak
 13499 | Lair:1   | Killed a death yak
 13845 | Lair:1   | Reached skill level 1 in Fire Magic
 14013 | Lair:1   | Noticed a death yak
 14071 | Lair:1   | Noticed a death yak
 14090 | Lair:1   | Killed a death yak
 14133 | D:10     | HP: 2/89 [death yak (7)]
 14136 | D:10     | Slain by a death yak

Illustrated notes

Levels and vault maps discovered:
D:1:      heliophobic_arrival_ceremonial_halls, layout_loops_ring, serial_shops,
          nicolae_shop_crystal, nicolae_eternal_life
D:2:      layout_basic, basic_altar, st_stairs_6,
          hangedman_abyss_or_decor_stabs, kennysheep_pointless_box,
          minmay_misc_feat_square, uniq_robin
D:3:      layout_basic, nicolae_overflow_ecumenical_swirl, gup_sewer_entry_pipe
D:4:      layout_basic, minmay_temple_entry_gardened_gates
D:5:      layout_loops_ring
D:6:      layout_basic, mainiacjoe_overflow_alcove_2, serial_corexii_hall,
          chequers_hall_statues_corner_a, chequers_hall_statues_y,
          nicolae_shop_self_help
D:7:      old_forge, layout_basic, uniq_maggie, uniq_jeremiah,
          uniq_crazy_yiuf_cottage, uniq_duvessa
D:8:      layout_basic, jmf_multi_god_temple2, mainiacjoe_overflow_alcove_3,
          uniq_prince_ribbit1
D:9:      layout_stronghold, mainiacjoe_overflow_tiny_flanked, erik_orc_1,
          nicolae_shop_firing_range, uniq_erolcha
D:10:     minmay_sliced_demisemicircle, layout_loops_ring, kennysheep_mini,
          enter_bailey_5
D:11:     layout_cross, uniq_maurice, uniq_lodul
D:12:     lemuel_castle_with_subvaults [lemuel_castle_interior_carwin_2],
          layout_irregular_city
Lair:1:   layout_long_grid, grunt_megastairs_5

Skill      XL: |  1  2  3  4  5  6  7  8  9 10 11 12 |
---------------+-------------------------------------+-----
Ice Magic      | 4 5 6 7 8 10 | 10.4
Stealth        | 5 8 9 |  9.5
Short Blades   | 3 |  3.2
Spellcasting   | 5 6 |  6.2
Armour         | 3 |  3.1
Dodging        | 3 |  3.0
Fighting       | 6 |  6.6
Conjurations   | 5 6 9 |  9.0
Ranged Weapons | 5 |  5.3
Fire Magic     | 3 |  3.3

Action                     |  1- 3 |  4- 6 |  7- 9 | 10-12 || total
---------------------------+-------+-------+-------+-------++-------
  Melee: Unarmed           |     2 |       |       |       ||     2
         Spear             |    90 |   133 |       |       ||   223
         Kick              |       |    20 |     8 |     2 ||    30
         Short sword       |       |     9 |    45 |       ||    54
         Dagger            |       |       |       |    13 ||    13
   Fire: Sling             |       |       |   131 |   425 ||   556
  Throw: Dart              |       |       |       |     1 ||     1
   Cast: Freeze            |    22 |    15 |    33 |    91 ||   161
         Frozen Ramparts   |     2 |    11 |    31 |    56 ||   100
         Ozocubu's Armour  |       |       |     2 |    26 ||    28
         Iskenderun's Myst |       |       |       |    17 ||    17
  Evoke: Wand              |       |       |       |     1 ||     1
    Use: Potion            |       |       |       |     2 ||     2
   Stab: Sleeping          |     7 |     2 |     3 |       ||    12
         Paralysed         |     2 |    11 |    13 |     7 ||    33
 Armour: Robe              |    34 |    54 |    45 |       ||   133
         Leather armour    |       |       |     6 |   239 ||   245
  Dodge: Dodged            |    69 |    60 |    46 |   142 ||   317

Table legend: (Time is in decaauts)
 A = Elapsed time spent in this place.
 B = Non-inter-level travel time spent in this place.
 C = Inter-level travel time spent in this place.
 D = Time resting spent in this place.
 E = Time spent auto-exploring this place.
 F = Levels seen in this place.
 G = Mean time per level.
                   A        B        C        D        E       F      G
               +--------+--------+--------+--------+--------+-----+--------+
         Total |  14403 |  13901 |    502 |    472 |  10854 |  15 |  960.2 |
       Dungeon |  12445 |  11944 |    501 |    254 |   9688 |  12 | 1037.1 |
          Lair |    742 |    742 |      0 |     64 |    474 |   1 |  742.0 |
         Sewer |    545 |    545 |      0 |      0 |    381 |   1 |  545.0 |
        Bailey |    670 |    670 |      0 |    154 |    310 |   1 |  670.0 |
               +--------+--------+--------+--------+--------+-----+--------+

Top non-repeatable levels by time:
    D:10: 2141 daAuts
     D:7: 1681 daAuts
     D:9: 1478 daAuts
     D:8: 1293 daAuts
     D:2: 1130 daAuts
     D:3: 992 daAuts
     D:5: 943 daAuts
     D:1: 823 daAuts
     D:4: 815 daAuts
  Lair:1: 742 daAuts
  Bailey: 670 daAuts
     D:6: 592 daAuts
   Sewer: 545 daAuts
    D:11: 472 daAuts
    D:12: 79 daAuts
